 Dungeon Crawl Stone Soup version 0.28-a0-1033-g1a2f33fa85 (webtiles) character file.

Game seed: 15977687563714088373

113 Umoon2 the Ducker (level 4, -1/35 HPs)
             Began as a Demonspawn Gladiator on Dec 7, 2021.
             Slain by a gnoll (8 damage)
             ... on level 3 of the Dungeon.
             The game lasted 00:01:58 (2423 turns).

Umoon2 the Ducker (Demonspawn Gladiator)            Turns: 2423, Time: 00:01:59

Health: -1/35      AC:  9    Str: 16    XL:     4   Next: 65%
Magic:  4/4        EV: 12    Int: 10    God:
Gold:   59         SH:  4    Dex: 14    Spells: 3/3 levels left

rFire   . . .      SeeInvis .   a - +0 rapier
rCold   . . .      Faith    .   (no shield)
rNeg    . . .      Spirit   .   k - +0 ring mail
rPois   .          Reflect  .   c - +0 helmet
rElec   .          Harm     .   e - +0 cloak
rCorr   .          Rampage  .   j - +0 pair of gloves
Will    .....                   l - +0 pair of boots
Stlth   +.........              (no amulet)
HPRegen 0.11/turn               (no ring)
MPRegen 0.09/turn               (no ring)

@: no status effects
A: hooves 1, condensation shield
a: no special abilities


You were on level 3 of the Dungeon.
You visited 1 branch of the dungeon, and saw 3 of its levels.

You collected 59 gold pieces.

Inventory:

Hand Weapons
 a - a +0 rapier (weapon)
Missiles
 d - 3 throwing nets (quivered)
Armour
 b - a +0 leather armour
 c - a +0 helmet (worn)
 e - a +0 cloak (worn)
 j - a +0 pair of gloves (worn)
 k - a +0 ring mail (worn)
 l - a +0 pair of boots (worn)
Wands
 i - a wand of digging (4)
Scrolls
 f - a scroll of silence {unknown}
 m - a scroll of identify {unknown}
 n - a scroll of brand weapon {unknown}
 o - a scroll of teleportation {unknown}
Potions
 g - a potion of brilliance {unknown}
 h - a potion of haste {unknown}
 p - a potion of attraction {unknown}


   Skills:
 + Level 3.2 Fighting
 - Level 2.6 Short Blades
 - Level 1.7 Throwing
 + Level 2.1 Armour
 + Level 3.6 Dodging


You had 3 spell levels left.
You didn't know any spells.
Your spell library contained the following spells:

 Spells                   Type           Power      Damage    Failure   Level
 Slow                     Hex            0%         N/A       56%         1
 Confusing Touch          Hex            0%         N/A       91%         3
 Vampiric Draining        Necr           0%         2d6       91%         3


Dungeon Overview and Level Annotations

Branches:
Dungeon (3/15)

Altars:

Shops:
D:1 (


Innate Abilities, Weirdness & Mutations

You have large cloven feet.
A meltable shield of frost defends you. (SH +4)


Message History

You hit the iguana but do no damage.
The iguana is moderately wounded.
The iguana bites you.
You hit the iguana.
The iguana is heavily wounded.
The iguana bites you!
You hit the iguana.
The iguana is severely wounded.
The iguana bites you.
You hit the iguana.
The iguana is almost dead.
The iguana bites you.
* * * LOW HITPOINT WARNING * * *
You hit the iguana but do no damage.
The iguana is almost dead.
The iguana closely misses you. x2
You closely miss the iguana.
The iguana is almost dead.
You block the iguana's attack.
You hit the iguana.
The iguana is almost dead.
The iguana bites you but does no damage.
You completely miss the iguana.
The iguana is almost dead.
The iguana barely misses you.
You barely miss the iguana.
The iguana is almost dead.
The iguana misses you.
You hit the iguana but do no damage.
The iguana is almost dead.
The iguana completely misses you.
You hit the iguana.
You kill the iguana!
Your Armour skill increases to level 2!
You puncture the frilled lizard!
You kill the frilled lizard!
You puncture the orc!
You kill the orc!
The gnoll hits you from afar with a +0 halberd!
You die...

# #......#.# #
#.####.#.##..
...# #.# #.#.##.#
##.#
#.####.#.##.#
..#......#.##.#
.########.##.#
.<..... #.##.#
..#..... #.##.#
....... #.##@# #
#.....##.##)#
#........#.##g###
....#..#g#..gg..#
#....ol.#....#.#
#.g.#....#.#
#.#.####.#.#
#..gl....#.#
.....##.......#


You could see 2 gnolls and a hobgoblin.

Vanquished Creatures
  An iguana (D:3)
  A gnoll (D:3)
  3 adders (D:2)
  2 worms (D:2)
  A dart slug (D:1)
  4 orcs (D:3)
  An endoplasm (D:3)
  2 giant cockroaches
  4 goblins
  4 hobgoblins
  A jackal (D:3)
  3 quokkas
  2 ball pythons (D:1)
  A bat (D:3)
  2 frilled lizards
  5 kobolds
  5 rats
42 creatures vanquished.

Notes
Turn   | Place    | Note
-------+----------+-------------------------------------------
     0 | D:1      | Umoon2 the Demonspawn Gladiator began the quest for the
                  | Orb.
     0 | D:1      | Reached XP level 1. HP: 16/16 MP: 1/1
   361 | D:1      | Gained mutation: You have large cloven feet. [demonic
                  | ancestry]
   361 | D:1      | Reached XP level 2. HP: 9/22 MP: 2/2
   615 | D:1      | Found Fegooz's Weapon Emporium.
   621 | D:1      | Reached skill level 1 in Armour
  1202 | D:2      | Gained mutation: A meltable shield of frost defends you.
                  | (SH +4) [demonic ancestry]
  1202 | D:2      | Reached XP level 3. HP: 28/28 MP: 3/3
  1400 | D:2      | Found a faded altar of an unknown god.
  2281 | D:3      | Reached XP level 4. HP: 34/34 MP: 4/4
  2423 | D:3      | Slain by a gnoll

Illustrated notes

Levels and vault maps discovered:
D:1:      psy_arrival_spokes, layout_loops_ring, serial_shops,
          nicolae_shop_stone
D:2:      layout_basic, hellmonk_ecumenical_altar_inner_sanctum,
          hangedman_decor_diamond_cutter
D:3:      layout_basic, minmay_fractal_squares_5

Skill      XL: |  1  2  3  4 |
---------------+-------------+-----
Armour         | 1 2 |  2.1
Dodging        | 3 |  3.6
Fighting       | 3 |  3.2
Short Blades   | |  2.6
Throwing       | |  1.7

Action                   |  1- 3 |  4- 6 || total
-------------------------+-------+-------++-------
Melee: Rapier            |   142 |    43 ||   185
       Kick              |     8 |       ||     8
 Stab: Sleeping          |     1 |       ||     1
Armor: Leather armour    |    14 |       ||    14
       Ring mail         |    30 |     8 ||    38
Dodge: Dodged            |   100 |    19 ||   119
Block: Other             |    10 |     6 ||    16

Table legend: (Time is in decaauts)
 A = Elapsed time spent in this place.
 B = Non-inter-level travel time spent in this place.
 C = Inter-level travel time spent in this place.
 D = Time resting spent in this place.
 E = Time spent auto-exploring this place.
 F = Levels seen in this place.
 G = Mean time per level.
                   A        B        C        D        E       F      G
               +--------+--------+--------+--------+--------+-----+--------+
         Total |   2435 |   2415 |     20 |    368 |   1636 |   3 |  811.7 |
       Dungeon |   2435 |   2415 |     20 |    368 |   1636 |   3 |  811.7 |
               +--------+--------+--------+--------+--------+-----+--------+

Top non-repeatable levels by time:
     D:2: 1122 daAuts
     D:1: 1033 daAuts
     D:3: 279 daAuts
